 Dungeon Crawl Stone Soup version 0.29.1-13-g9f3cf754e1 (webtiles) character file.

Game seed: 15891112720505131315

3924 Peloso the Carver (level 10, -9/88 HPs)
             Began as a Minotaur Fighter on Jan 22, 2023.
             Was a Priest of Okawaru.
             Mangled by a komodo dragon (20 damage)
             ... on level 8 of the Dungeon.
             The game lasted 00:16:10 (6758 turns).

Peloso the Carver (Minotaur Fighter)                Turns: 6758, Time: 00:16:10

Health: -9/88      AC: 14    Str: 26    XL:     10   Next: 1%
Magic:  9/9        EV:  9    Int:  5    God:    Okawaru [***...]
Gold:   50         SH:  5    Dex: 12    Spells: 9/9 levels left

rFire   . . .      SeeInvis .   a - +4 long sword of Compound Interest {vorpal, Fly Will+}
rCold   . . .      Faith    .   d - +0 buckler
rNeg    . . .      Spirit   .   y - +0 chain mail {rPois}
rPois   +          Reflect  .   (helmet restricted)
rElec   .          Harm     .   (no cloak)
rCorr   .          Rampage  .   A - +1 pair of gloves {Str+3}
Will    +....                   (no boots)
Stlth   ..........              h - amulet of regeneration
HPRegen 1.04/turn               (no ring)
MPRegen 0.11/turn               (no ring)

@: flying
A: horns 2, retaliatory headbutt
a: Renounce Religion, Heroism


You were on level 8 of the Dungeon.
You worshipped Okawaru.
Okawaru was most pleased with you.
You visited 2 branches of the dungeon, and saw 9 of its levels.

You collected 248 gold pieces.
You spent 198 gold pieces at shops.

Inventory:

Hand Weapons
 a - the +4 long sword of Compound Interest (weapon) {vorpal, Fly Will+}
   (You found it on level 8 of the Dungeon)

   It inflicts extra damage upon your enemies.
   Fly:       It grants you flight.
   Will:      It increases your willpower.
 b - a +1 whip of flaming
 c - a +0 long sword
Armour
 d - a +0 buckler (worn)
 y - a +0 chain mail of poison resistance (worn)
 A - a +1 pair of gloves of strength (worn)
Jewellery
 h - an amulet of regeneration (around neck)
 k - a ring of magical power
 w - a ring of ice
Wands
 B - a wand of flame (22)
Scrolls
 f - 7 scrolls of teleportation
 g - a scroll of summoning
 i - 3 scrolls of enchant armour
 l - 2 scrolls of noise
 n - 3 scrolls of butterflies {unknown}
 o - a scroll of silence {unknown}
 r - a scroll of torment {unknown}
 s - 2 scrolls of blinking {unknown}
 u - a scroll of poison {unknown}
 v - a scroll of vulnerability {unknown}
 C - a scroll of magic mapping {unknown}
 E - a scroll of acquirement {unknown}
Potions
 e - 2 potions of haste
 j - 3 potions of magic
 m - 4 potions of curing
 p - a potion of resistance
 q - 2 potions of brilliance {unknown}
 t - a potion of heal wounds {unknown}
 x - a potion of mutation {unknown}
 z - a potion of flight {unknown}
 D - a potion of ambrosia {unknown}


   Skills:
 + Level 7.8 Fighting
 + Level 10.9 Long Blades
 + Level 10.0 Armour
 + Level 2.9 Dodging
 + Level 1.9 Stealth
 + Level 6.4 Shields
 + Level 0.2 Invocations


You had 9 spell levels left.
You didn't know any spells.
Your spell library contained the following spells:

 Spells                   Type           Power      Damage    Failure   Level
 Ensorcelled Hibernation  Hex/Ice        0%         N/A       99%         2
 Passwall                 Tmut/Erth      0%         N/A       99%         2
 Static Discharge         Conj/Air       0%         3-3/arc   99%         2
 Confusing Touch          Hex            0%         N/A       100%        3
 Ozocubu's Armour         Ice            0%         N/A       100%        3
 Swiftness                Air            0%         N/A       100%        3
 Dispel Undead            Necr           0%         3d6       100%        4
 Sticky Flame             Conj/Fire      0%         2d3       100%        4
 Yara's Violent Unravell  Hex/Tmut       0%         3d3       100%        5
 Enfeeble                 Hex            0%         N/A       100%        7
 Ozocubu's Refrigeration  Ice            0%         4d7       100%        7
 Summon Small Mammal      Summ           Unusable   N/A       N/A         1
 Call Canine Familiar     Summ           Unusable   N/A       N/A         3
 Summon Guardian Golem    Hex/Summ       Unusable   N/A       N/A         3

Dungeon Overview and Level Annotations

Branches:
Dungeon (8/15)             Temple (1/1) D:6
   Lair: D:8-11

Altars:
Ashenzari
Cheibriados
Fedhas
Gozag
Kikubaaqudgha
Makhleb
Nemelex Xobeh
Okawaru
Qazlal
Ru
Sif Muna
Vehumet
Wu Jian
Xom
Zin
The Shining One

Shops:
D:1 [   D:7 [?(


Innate Abilities, Weirdness & Mutations

You have a pair of horns on your head.
You reflexively headbutt those who attack you in melee.


Message History

You block the orc priest's attack.
You slash the orc priest!
You kill the orc priest!
Okawaru accepts your kill.
You hit the orc but do no damage. You headbutt the orc!
You kill the orc!
Okawaru accepts your kill.
Items here: ))) [ †.
Things that are here:
+0 acid dragon scales; an acid dragon corpse
Things that are here:
+0 acid dragon scales; an acid dragon corpse
Items here: ))) [ †.
Things that are here:
+0 acid dragon scales; an acid dragon corpse The komodo dragon bites you but does no damage.
You hit the komodo dragon.
The komodo dragon is lightly wounded.
The komodo dragon bites you!
You hit the komodo dragon.
The komodo dragon is moderately wounded.
The komodo dragon bites you!
You closely miss the komodo dragon. You headbutt the komodo dragon!
The komodo dragon is heavily wounded.
The komodo dragon bites you!!
You hit the komodo dragon but do no damage.
Your headbutt misses the komodo dragon.
The komodo dragon is heavily wounded.
You block the komodo dragon's attack.
You hit the komodo dragon.
The komodo dragon is heavily wounded.
The komodo dragon bites you!
You hit the komodo dragon. You headbutt the komodo dragon!
The komodo dragon is almost dead.
The komodo dragon bites you!!
* * * LOW HITPOINT WARNING * * *
You completely miss the komodo dragon. Your headbutt misses the komodo dragon.
The komodo dragon is almost dead.
The komodo dragon bites you!!
You die...

# .. ##### ### o..#
#######†..###.#
.....#######
#.##...###)....
...........##
####).#####.####.
#.........###..[..#
### ##
#..#.##.....l@...###
# ######.##### ###


You could see a komodo dragon.

Vanquished Creatures
  A two-headed ogre (D:8)
  Pikel (D:5)
  A komodo dragon (D:8)
  A wyvern (D:7)
  2 acid dragons (D:8)
  Duvessa (D:6)
  3 black bears
  3 ice beasts
  2 ogres
  3 phantoms (D:6)
  2 kobold brigands
  A bullfrog (D:7)
  2 scorpions
  Dowan (D:6)
  2 howler monkeys (D:8)
  2 jellies (D:7)
  4 orc priests
  A gnoll bouda (D:7)
  2 iguanas
  8 orc wizards
  Natasha (thrice) (D:3)
  A mummy (D:4)
  3 gnolls (D:7)
  8 adders
  2 shadow imps
  2 ufetubi
  20 orcs
  4 bats
  6 endoplasms
  4 giant cockroaches
  5 goblins
  6 hobgoblins
  3 jackals (D:1)
  21 kobolds
  5 quokkas
  9 ball pythons
  2 frilled lizards
  5 rats
152 creatures vanquished.

Notes
Turn   | Place    | Note
-------+----------+-------------------------------------------
     0 | D:1      | Peloso the Minotaur Fighter began the quest for the Orb.
     0 | D:1      | Reached XP level 1. HP: 19/19 MP: 0/0
    63 | D:1      | Found Wotorgh's Armour Emporium.
   177 | D:1      | Reached XP level 2. HP: 27/27 MP: 1/1
   307 | D:1      | Found a faded altar of an unknown god.
   777 | D:2      | Reached XP level 3. HP: 33/33 MP: 2/2
  1061 | D:2      | Reached XP level 4. HP: 37/40 MP: 3/3
  1495 | D:3      | Found a sacrificial altar of Ru.
  1507 | D:3      | Reached skill level 1 in Dodging
  1573 | D:3      | Noticed Natasha
  1580 | D:3      | Killed Natasha
  1581 | D:3      | Reached XP level 5. HP: 38/47 MP: 4/4
  1628 | D:3      | Noticed Natasha
  1634 | D:3      | Killed Natasha
  1635 | D:3      | Reached skill level 5 in Armour
  1668 | D:3      | Noticed Natasha
  1674 | D:3      | Killed Natasha
  1985 | D:4      | Reached XP level 6. HP: 43/53 MP: 5/5
  2057 | D:4      | Reached skill level 5 in Long Blades
  2057 | D:4      | Reached skill level 1 in Stealth
  2220 | D:4      | Reached skill level 5 in Fighting
  2220 | D:4      | Reached XP level 7. HP: 58/61 MP: 6/6
  2287 | D:4      | Found a snail-covered altar of Cheibriados.
  2714 | D:5      | Entered Level 5 of the Dungeon
  2786 | D:5      | Noticed Pikel
  2842 | D:5      | Killed Pikel
  2843 | D:5      | Reached skill level 5 in Shields
  2843 | D:5      | Reached XP level 8. HP: 68/69 MP: 7/7
  3023 | D:5      | Found a glowing golden altar of the Shining One.
  3023 | D:5      | Found a broken altar of Ashenzari.
  3024 | D:5      | Found a burning altar of Makhleb.
  3982 | D:6      | Found a staircase to the Ecumenical Temple.
  4003 | Temple   | Entered the Ecumenical Temple
  4048 | Temple   | Became a worshipper of Warmaster Okawaru
  4286 | D:6      | Noticed Dowan
  4291 | D:6      | Noticed Duvessa
  4299 | D:6      | Killed Duvessa
  4304 | D:6      | Killed Dowan
  4675 | D:7      | Reached * piety under Okawaru
  4676 | D:7      | Reached XP level 9. HP: 78/78 MP: 8/8
  4850 | D:7      | Found Weatathrailu's Antique Armour Boutique.
  5130 | D:1      | Bought a +1 pair of gloves of strength for 198 gold pieces
  5341 | D:7      | Found Xaotif's Weapon Emporium.
  5427 | D:7      | Reached skill level 10 in Long Blades
  5505 | D:7      | Found Uplim's Magic Scroll Shop.
  5540 | D:7      | Found a sparkling altar of Nemelex Xobeh.
  5540 | D:7      | Found an opulent altar of Gozag.
  6334 | D:8      | Noticed a two-headed ogre
  6345 | D:8      | Killed a two-headed ogre
  6345 | D:8      | Reached ** piety under Okawaru
  6362 | D:8      | Identified the +4 long sword of Compound Interest {vorpal,
                  | Fly Will+}
  6601 | D:8      | Noticed a komodo dragon
  6609 | D:8      | Killed a komodo dragon
  6609 | D:8      | Reached *** piety under Okawaru
  6610 | D:8      | Reached skill level 10 in Armour
  6703 | D:8      | Reached XP level 10. HP: 64/88 MP: 9/9
  6758 | D:8      | Mangled by a komodo dragon

Illustrated notes

Levels and vault maps discovered:
D:1:      dpeg_arrival_pits, layout_basic, serial_shops, shop,
          ebering_ecumenical_altar_petrified
D:2:      layout_rooms
D:3:      layout_basic, nicolae_ru_great_annihilating_truth, uniq_natasha
D:4:      layout_loops_ring, chei_slow_surprise
D:5:      layout_basic, gammafunk_temple_overflow_claw, uniq_pikel
D:6:      layout_loops_corners, minmay_temple_entry_glass, uniq_duvessa
D:7:      layout_basic, grunt_temple_overflow_opulence, serial_shops,
          kennysheep_little_box, shop, nicolae_shop_bloodbath_and_beyond
D:8:      layout_rooms, erik_lair_dragon
Temple:   nicolae_temple_god_jail

Skill      XL: |  1  2  3  4  5  6  7  8  9 |
---------------+----------------------------+-----
Armour         | 4 5 6 8 10 | 10.0
Fighting       | 4 5 6 7 |  7.8
Long Blades    | 3 4 5 7 9 10 | 10.9
Shields        | 4 5 6 |  6.4
Dodging        | 1 2 |  2.9
Stealth        | 1 |  1.9
Invocations    | |  0.2

Action                   |  1- 3 |  4- 6 |  7- 9 | 10-12 || total
-------------------------+-------+-------+-------+-------++-------
Melee: Long sword        |    85 |   128 |   335 |     9 ||   557
       Headbutt          |    11 |    22 |    61 |     3 ||    97
Invok: Heroism           |       |       |     2 |       ||     2
  Use: Scroll            |     5 |     4 |     1 |       ||    10
       Potion            |       |       |     1 |       ||     1
 Stab: Paralysed         |       |     3 |       |       ||     3
Armor: Scale mail        |    53 |    48 |    36 |       ||   137
       Chain mail        |       |       |   111 |     1 ||   112
Dodge: Dodged            |    39 |    69 |   119 |       ||   227
Block: Buckler           |    30 |    35 |    68 |     2 ||   135
